 Dungeon Crawl Stone Soup version 0.30.0-19-g36f170ea60 (webtiles) character file.

Game seed: 9321235753728302021

7497 Bnni the Arsonist (level 10, -3/60 HPs)
             Began as a Deep Elf Fire Elementalist on May 28, 2023.
             Was an Elder of Sif Muna.
             Shot with an arrow by a centaur warrior (31 damage)
             ... on level 10 of the Dungeon.
             The game lasted 00:42:56 (11800 turns).

Bnni the Arsonist (Deep Elf Fire Elementalist)     Turns: 11800, Time: 00:42:57

Health: -3/60      AC:  7    Str:  5    XL:     10   Next: 95%
Magic:  22/26      EV: 12    Int: 25    God:    Sif Muna [****..]
Gold:   837        SH:  0    Dex: 15    Spells: 16/29 levels left

rFire   . . .        a - +0 dagger (venom)
rCold   . . .        (no shield)
rNeg    + . .        s - +2 robe {rN+}
rPois   .            p - +0 helmet
rElec   .            i - +0 cloak
rCorr   .            (no gloves)
SInv    .            I - +0 pair of boots
Will    +....        (no amulet)
Stlth   ++           u - +4 ring of slaying
HPRegen 0.30/turn    (no ring)
MPRegen 0.20/turn

%: no passive effects
@: studying Staves
A: no striking features
a: Renounce Religion, Channel Magic, Forget Spell, Divine Exegesis


You were on level 10 of the Dungeon.
You worshipped Sif Muna.
Sif Muna was greatly pleased with you.
You visited 2 branches of the dungeon, and saw 11 of its levels.
You also visited: Bailey.

You collected 837 gold pieces.

Inventory:

Hand Weapons
 a - a +0 dagger of venom (weapon)
 z - a +0 quarterstaff
Missiles
 f - 22 poisoned darts
 j - 6 throwing nets
Armour
 i - a +0 cloak (worn)
 p - a +0 helmet (worn)
 s - a +2 robe of positive energy (worn)
 C - a +0 robe of resistance
 I - a +0 pair of boots (worn)
Jewellery
 u - a +4 ring of slaying (left hand)
Wands
 D - a wand of roots (8)
 F - a wand of light (5)
 H - a wand of mindburst (5)
Scrolls
 b - a scroll of amnesia
 d - a scroll of poison
 g - 5 scrolls of vulnerability
 h - 3 scrolls of blinking
 n - 4 scrolls of teleportation
 q - 2 scrolls of summoning
 v - 3 scrolls of enchant armour
 B - a scroll of identify
 G - a scroll of fog {unknown}
Potions
 c - 2 potions of ambrosia
 e - 5 potions of flight
 k - 2 potions of might
 l - 2 potions of brilliance {unknown}
 m - 5 potions of curing
 o - 2 potions of mutation
 r - 3 potions of heal wounds
 t - a potion of haste {unknown}
 x - 2 potions of berserk rage
 A - a potion of cancellation {unknown}
Miscellaneous
 w - a lightning rod (4/4)
 y - a box of beasts
 E - a phial of floods


   Skills:
 + Level 6.1 Fighting
 - Level 2.4 Dodging
 - Level 2.4 Stealth
 + Level 10.1 Spellcasting
 + Level 8.1 Conjurations
 * Level 11.8 Fire Magic
 + Level 3.8 Invocations


You had 16 spell levels left.
You knew the following spells:

 Your Spells              Type           Power      Damage    Failure   Level
a - Foxfire               Conj/Fire      100%       2x1d9     1%          1
b - Scorch                Fire           100%       2d9       1%          2
c - Flame Wave            Conj/Fire      58%        2d14      1%          4
d - Inner Flame           Hex/Fire       42%        N/A       1%          3
e - Volatile Blastmotes   Fire/Tloc      84%        2d17      1%          3

Your spell library contained the following spells:

 Spells                   Type           Power      Damage    Failure   Level
 Apportation              Tloc           24%        N/A       4%          1
 Sublimation of Blood     Necr           12%        N/A       8%          2
 Wereblood                Tmut           12%        N/A       8%          2
 Gell's Gravitas          Tloc           12%        N/A       14%         3
 Teleport Other           Tloc           12%        N/A       14%         3
 Irradiate                Conj/Tmut      16%        3d17      26%         5
 Petrify                  Tmut/Erth      12%        N/A       43%         4
 Alistair's Intoxication  Tmut/Pois      8%         N/A       80%         5
 Dispersal                Tloc           6%         N/A       100%        6
 Summon Hydra             Summ           6%         N/A       100%        7
 Chain Lightning          Conj/Air       16%        3d22      100%        9
 Fire Storm               Conj/Fire      29%        8d7       100%        9
 Shatter                  Erth           6%         3d9*      100%        9


Dungeon Overview and Level Annotations

Branches:
Dungeon (10/15)            Temple (1/1) D:4            Lair (0/5) D:8
 Bailey (visited)
    Orc: D:9-12

Altars:
Cheibriados
Dithmenos
Elyvilon
Gozag
Hepliaklqana
Kikubaaqudgha
Okawaru
Qazlal
Ru
Sif Muna
Trog
Uskayaw
Vehumet
Wu Jian
Xom
Yredelemnul
The Shining One

Shops:
D:6 ?


Message History

There is an open door here.
There is an open door here.
There is an open door here.
o - 2 potions of mutation (gained 1)
A centaur warrior comes into view. It is wielding a +3 dagger.
The centaur warrior shouts!
The centaur warrior unwields a +3 dagger.
The centaur warrior wields a +0 longbow.
The centaur warrior shoots an arrow.
The arrow barely misses you.
Casting: Foxfire (safe; 1% risk of failure)
Press: ? - help, Q - select action, (/) - cycle Dir - look around, f - activate You conjure some foxfire!
The centaur warrior shoots an arrow.
The arrow hits you!
Casting: Foxfire (safe; 1% risk of failure)
Confirm with . or Enter, or press ? or * to list all spells.
Aiming: Inner Flame (safe; 1% risk of failure)
Press: ? - help, Dir - move target, f - centaur warrior
Aim: a centaur warrior, wielding a +0 longbow (ally target, chance to affect: 80%)
The centaur warrior is filled with an inner flame.
The foxfire hits the centaur warrior.
Flame seeps out of the centaur warrior.
The centaur warrior is lightly wounded.
The foxfire hits the centaur warrior.
Flame seeps out of the centaur warrior.
The centaur warrior is lightly wounded.
Casting: Foxfire (safe; 1% risk of failure)
Press: ? - help, Q - select action, (/) - cycle Dir - look around, f - activate You conjure some foxfire!
The centaur warrior is engulfed in blazing flames.
Flame seeps out of the centaur warrior.
The foxfire hits the centaur warrior.
Flame seeps out of the centaur warrior.
The centaur warrior is moderately wounded.
The foxfire hits the centaur warrior!
Flame seeps out of the centaur warrior.
The centaur warrior is heavily wounded.
The centaur warrior is engulfed in blazing flames.
Flame seeps out of the centaur warrior.
The centaur warrior shoots an arrow.
The arrow hits you!
The centaur warrior is engulfed in blazing flames.
Flame seeps out of the centaur warrior.
The centaur warrior shoots an arrow.
The arrow hits you!!
Ouch! That really hurt!
You die...

###'#######....
#...#.........#....
#...##........#....
#...####'##...#....
#.. #.....# ..#....
#c. #.....#####....
##'###..............
#.§.............)...
#.§@..#####.......).
#.§...'...#.......).
#.....#...###+###.).
############.......#
#.....### #....#
#...# +..# ##.


You could see a centaur warrior (inner flame).

Vanquished Creatures
  Joseph (D:8)
  3 hornets (D:9)
  2 wyverns
  A wraith (D:7)
  5 yaks (D:9)
  A steam dragon (D:9)
  2 wargs (D:8)
  A water moccasin (D:8)
  2 sky beasts
  5 orc warriors
  A black bear (D:8)
  4 wolves (Bailey)
  4 ogres
  2 centaurs
  2 phantoms (D:5)
  2 kobold brigands
  Blork the orc (D:5)
  2 bullfrogs
  9 gnoll sergeants
  A scorpion (D:4)
  11 wights
  4 howler monkeys
  7 hounds
  5 gnoll boudas
  6 orc priests
  Crazy Yiuf (D:2)
  2 jellies
  Jessica (D:2)
  A sleepcap (D:7)
  An iguana (D:6)
  14 orc wizards
  Robin (D:3)
  32 gnolls
  5 adders
  A shadow imp (D:8)
  2 white imps (D:5)
  3 dart slugs
  35 orcs
  7 ball pythons
  4 endoplasms
  4 giant cockroaches
  18 goblins
  14 hobgoblins
  8 jackals
  10 kobolds
  3 quokkas
  8 bats
  4 frilled lizards
  6 rats
269 creatures vanquished.

Vanquished Creatures (collateral kills)
  A foxfire (D:3)
1 creature vanquished.

Vanquished Creatures (others)
  572 foxfires
572 creatures vanquished.

Grand Total: 842 creatures vanquished

Notes
Turn   | Place    | Note
-------+----------+-------------------------------------------
     0 | D:1      | Bnni the Deep Elf Fire Elementalist began the quest for the
                  | Orb.
     0 | D:1      | Reached XP level 1. HP: 10/10 MP: 6/6
   156 | D:1      | Reached XP level 2. HP: 16/16 MP: 6/8
   159 | D:1      | Learned a level 2 spell: Scorch
   805 | D:1      | Reached XP level 3. HP: 13/20 MP: 6/9
  1205 | D:2      | Reached skill level 4 in Fire Magic
  1226 | D:2      | Found a snail-covered altar of Cheibriados.
  1273 | D:2      | Noticed Jessica
  1275 | D:2      | Killed Jessica
  1276 | D:2      | Reached skill level 1 in Fighting
  1276 | D:2      | Reached XP level 4. HP: 25/25 MP: 7/11
  1471 | D:2      | Found a runed translucent door.
  1472 | D:2      | Noticed Crazy Yiuf
  1490 | D:2      | Killed Crazy Yiuf
  2061 | D:3      | Noticed Robin
  2063 | D:3      | Reached XP level 5. HP: 29/29 MP: 9/13
  2070 | D:3      | Killed Robin
  2138 | D:2      | Learned a level 4 spell: Flame Wave
  2492 | D:3      | Found a faded altar of an unknown god.
  2758 | D:4      | Reached skill level 5 in Fire Magic
  2856 | D:4      | Found a staircase to the Ecumenical Temple.
  2875 | Temple   | Entered the Ecumenical Temple
  3189 | D:4      | Reached XP level 6. HP: 35/35 MP: 8/14
  3736 | Temple   | Became a worshipper of Sif Muna the Loreminder
  3757 | D:5      | Entered Level 5 of the Dungeon
  3832 | D:5      | Reached skill level 5 in Spellcasting
  3838 | D:5      | Reached skill level 6 in Fire Magic
  3838 | D:5      | Reached XP level 7. HP: 17/40 MP: 3/16
  4273 | D:5      | Found a white marble altar of Elyvilon.
  4334 | D:5      | Reached skill level 7 in Fire Magic
  4396 | D:5      | Noticed Blork the orc
  4403 | D:5      | Killed Blork the orc
  4404 | D:5      | Reached XP level 8. HP: 46/46 MP: 12/19
  4965 | D:6      | Learned a level 3 spell: Inner Flame
  4969 | D:6      | Learned a level 3 spell: Volatile Blastmotes
  5151 | D:6      | You fall into a shaft and drop 3 floors!
  5240 | D:9      | Reached skill level 5 in Conjurations
  5353 | D:8      | Reached skill level 8 in Fire Magic
  5360 | D:8      | Found a flagged portal.
  5365 | D:8      | Reached * piety under Sif Muna
  5479 | Bailey   | Entered a bailey
  5753 | Bailey   | Reached XP level 9. HP: 48/52 MP: 5/22
  5864 | Bailey   | Reached skill level 9 in Fire Magic
  6625 | D:8      | Reached ** piety under Sif Muna
  6665 | D:8      | Reached skill level 10 in Fire Magic
  6765 | D:8      | Found a staircase to the Lair.
  6785 | D:8      | Reached skill level 5 in Fighting
  7330 | D:6      | Found a radiant altar of Vehumet.
  7736 | D:6      | Found Jipt's Magic Scroll Boutique.
  8003 | D:7      | Reached XP level 10. HP: 32/59 MP: 7/24
  8126 | D:7      | Reached skill level 1 in Invocations
  8177 | D:7      | Reached *** piety under Sif Muna
  9492 | D:8      | Found a basalt altar of Yredelemnul.
  9618 | D:8      | Reached skill level 11 in Fire Magic
  9653 | D:8      | Noticed Joseph
  9661 | D:8      | Killed Joseph
 10730 | D:9      | Reached skill level 10 in Spellcasting
 11382 | D:10     | Entered Level 10 of the Dungeon
 11382 | D:10     | Found an iron altar of Okawaru.
 11539 | D:10     | Found a hazy altar of Hepliaklqana.
 11654 | D:10     | Reached **** piety under Sif Muna
 11795 | D:10     | Noticed a centaur warrior
 11800 | D:10     | Shot with an arrow by a centaur warrior

Illustrated notes

Levels and vault maps discovered:
D:1:      lightli_arrival_statue_moat, layout_basic, kennysheep_doodads,
          nrook_mini_backslash
D:2:      layout_loops_ring, basic_altar, uniq_jessica, uniq_crazy_yiuf_cottage
D:3:      layout_basic, ebering_ecumenical_altar_petrified, uniq_robin
D:4:      layout_basic, minmay_temple_entry_waves
D:5:      layout_loops_cross, kennysheep_mini, minmay_manual_mandibuliform,
          uniq_blork_the_orc
D:6:      layout_loops_ring, vehumet_crystals, serial_shops,
          nicolae_shop_rolled_up
D:7:      layout_loops_corners, serial_rivers, chequers_serial_rivers_large_b,
          chequers_serial_rivers_room_a, chequers_serial_rivers_room_a,
          chequers_serial_rivers_marsh, chequers_serial_rivers_micro_d,
          chequers_serial_rivers_small_a
D:8:      layout_loops_ring, mainiacjoe_overflow_alcove_1,
          erik_lair_orcish_takeover, enter_bailey_4, uniq_joseph
D:9:      layout_layer_cave
D:10:     layout_gridville, grunt_temple_overflow_order_and_chaos_2,
          gammafunk_temple_overflow_claw, kennysheep_little_box,
          mainiacjoe_overflow_catwalk
Temple:   hellmonk_temple_flake

Skill      XL: |  1  2  3  4  5  6  7  8  9 10 |
---------------+-------------------------------+-----
Fire Magic     | 4 5 6 7 8 10 11 | 11.8
Fighting       | 1 2 3 4 5 6 |  6.1
Conjurations   | 2 3 4 5 7 8 |  8.1
Spellcasting   | 4 5 6 7 8 10 | 10.1
Invocations    | 3 |  3.8
Dodging        | |  2.4
Stealth        | |  2.4

Action                     |  1- 3 |  4- 6 |  7- 9 | 10-12 || total
---------------------------+-------+-------+-------+-------++-------
  Melee: Unarmed           |     8 |       |       |       ||     8
         Dagger            |    21 |    27 |    42 |     8 ||    98
         Punch             |       |       |     1 |       ||     1
  Throw: Dart              |       |       |     1 |       ||     1
   Cast: Foxfire           |    39 |    87 |   130 |    93 ||   349
         Scorch            |     5 |    15 |    33 |    36 ||    89
         Inner Flame       |       |       |    43 |    19 ||    62
         Flame Wave        |       |       |     3 |     2 ||     5
         Volatile Blastmot |       |       |     6 |    10 ||    16
  Evoke: Lightning rod     |       |       |     2 |       ||     2
    Use: Scroll            |       |    11 |     5 |     3 ||    19
         Potion            |       |       |       |     1 ||     1
   Stab: Sleeping          |     1 |       |       |       ||     1
 Armour: Robe              |     7 |    14 |    23 |     9 ||    53
  Dodge: Dodged            |    33 |    25 |    58 |    24 ||   140
